Map: Oxide LE

Players

MarineLorD

  • Race: Terran Terran
  • League: Master

Stephano - Winner!

  • Race: Zerg Zerg

Event: DreamHack SC2 Masters 2021 Winter

VOD

Have the link to the VOD?

Description

Time

  • Played on: Oct. 1, 2021, 1:45 p.m.
  • Length: 13:53

All games in this series

Show
View Real Time Build Order
Export as new Build Order

MarineLorD Terran 

Build Orders: Reaper Expand, Hellion Banshee 

Get SALT Encoding   

  12  0:00  SCV  
  13  0:12  SCV  
  14  0:16  Supply Depot  
  14  0:24  SCV  
  15  0:38  SCV  
  15  0:39  Barracks  
  16  0:43  Refinery  
  16  0:50  SCV  
  17  1:02  SCV  
  18  1:14  SCV  
  19  1:27  Reaper, Orbital Command  
  20  1:39  Command Center  
  20  1:49  Supply Depot  
  20  1:52  SCV  
  21  1:59  Marine  
  22  2:04  SCV  
  23  2:14  Factory  
  23  2:16  SCV  
  24  2:26  Barracks Reactor  
  24  2:28  SCV  
  25  2:40  SCV  
  26  2:45  Command Center  
  27  2:53  SCV  
  27  2:54  Orbital Command  
  27  3:05  SCV  
  28  3:10  Starport  
  28  3:17  SCV  
  29  3:22  Hellion x2  
  29  3:23  SCV  
  29  3:24  Barracks Tech Lab  
  34  3:28  Refinery  
  34  3:29  SCV  
  35  3:35  SCV  
  37  3:41  SCV  
  37  3:44  Hellion x2  
  37  3:48  SCV  
  42  3:52  Banshee  
  42  3:53  SCV  
  46  3:56  Marine  
  46  3:58  Orbital Command  
  46  4:00  SCV  
  48  4:05  Hellion x2, SCV  
  53  4:12  Cloaking Field, SCV  
  54  4:19  SCV  
  54  4:24  Barracks Tech Lab  
  55  4:25  SCV  
  55  4:29  Supply Depot  
  61  4:31  Supply Depot  
  61  4:37  Banshee  
  59  4:38  SCV  
  59  4:39  SCV  
  59  4:40  Supply Depot  
  59  4:43  Factory Reactor  
  61  4:51  SCV x3, Marine  
  65  4:56  Barracks  
  65  4:58  Barracks  
  65  5:02  Refinery x2, Engineering Bay  
  65  5:03  SCV x3, Engineering Bay  
  68  5:08  Marine  
  68  5:12  Stimpack  
  67  5:15  SCV x2  
  70  5:23  Orbital Command  
  70  5:27  SCV x2  
  71  5:28  Marine  
  71  5:32  Barracks  
  71  5:34  Barracks  
  72  5:38  Starport Reactor  
  72  5:39  SCV x2  
  72  5:40  Supply Depot  
  74  5:43  Supply Depot  
  74  5:47  Marine  
  74  5:48  Marine  
  74  5:49  SCV  
  77  5:51  SCV x2  
  79  5:57  Marine  
  79  5:58  Siege Tank  
  79  6:01  SCV  
  79  6:03  SCV x2  
  77  6:05  Marine  
  77  6:08  Supply Depot, Marine x2  
  77  6:09  Marine  
  79  6:13  SCV  
  79  6:14  Medivac x2  
  79  6:15  Marine  
  79  6:16  SCV x2  
  87  6:20  Refinery  
  87  6:23  Barracks Reactor x2, Marine  
  88  6:26  SCV, Marine x2  
  88  6:28  SCV x2  
  93  6:33  Supply Depot x2  
  93  6:35  Terran Infantry Weapons Level 1  
  93  6:36  Marine, Terran Infantry Armor Level 1  
  93  6:37  Marine  
  93  6:38  SCV  
  96  6:40  SCV, Siege Tank  
  96  6:41  Marine  
  96  6:44  Marine x2  
  103  6:51  Supply Depot, Combat Shield  
  96  6:54  Marine x2  
  96  6:59  Marine x3  
  89  7:01  Marine x3  
  89  7:04  Marine  
  83  7:12  Siege Tank, Marine x2  
  84  7:16  Marine x2  
  84  7:17  Marine  
  84  7:18  SCV x2  
  84  7:19  Marine x3  
  84  7:21  Marine  
  71  7:30  Marine x2  
  71  7:34  Marine x3  
  63  7:37  Marine x3  
  63  7:39  Marine  
  61  7:48  Marine x2  
  60  7:52  Marine x3  
  60  7:55  Marine x2  
  60  7:56  Marine  
  60  7:58  SCV  
  59  7:59  Marine  
  49  8:06  Marine  
  49  8:08  SCV x2  
  49  8:12  SCV  
  50  8:14  Marine  
  50  8:19  Marine x2  
  53  8:24  Medivac x2  
  53  8:26  SCV, Orbital Command  
  58  8:28  SCV  
  58  8:32  Marine  
  58  8:33  Marine  
  62  8:38  SCV  
  62  8:39  Siege Tank, Marine  
  62  8:40  SCV  
  62  8:41  Marine  
  68  8:50  SCV, Armory  
  68  8:52  SCV  
  68  8:53  SCV  
  71  8:57  Marine x3  
  71  9:02  SCV, Marine x2  
  77  9:04  SCV, Marine  
  77  9:05  SCV  
  77  9:06  Marine x3  
  83  9:14  SCV  
  83  9:16  SCV, Siege Tank  
  88  9:17  Marine  
  88  9:18  Marine x2  
  88  9:23  Marine x2  
  88  9:24  Marine  
  88  9:29  SCV x2  
  88  9:30  Marine  
  87  9:38  Marine x5  
  88  9:44  SCV x2  
  94  9:46  Marine  
  95  9:53  Marine, Orbital Command  
  95  9:54  Marine  
  95  9:56  SCV x2  
  95  9:57  Marine  
  100  10:02  Marine x2  
  100  10:03  Marine x2  
  104  10:08  SCV x2  
  104  10:10  Marine x2  
  108  10:20  SCV x2, Marine x2  
  112  10:23  Marine  
  112  10:24  Marine x2  
  115  10:29  SCV  
  112  10:37  Marine x2  
  112  10:39  Marine  
  115  10:44  SCV  
  115  10:46  Marine x2  
  113  10:51  Marine x2  
  113  10:53  Medivac  
  113  10:54  SCV  
  113  10:55  SCV  
  113  10:57  Supply Depot  
  113  11:00  Marine x2  
  113  11:01  Marine x2  
  116  11:05  Marine  
  116  11:10  Marine  
  116  11:11  Marine  
  115  11:14  Marine  
  115  11:17  Marine  
  115  11:18  Marine  
  97  11:23  SCV x2  
  94  11:25  Supply Depot  
  94  11:26  Marine  
  94  11:27  Refinery  
  94  11:32  Marine x4  
  96  11:35  Marine x2  
  99  11:40  Siege Tank  
  99  11:43  Marine x2  
  99  11:44  Marine  
  99  11:45  Refinery  
  105  11:49  Marine x2  
  105  11:50  Marine x2  
  109  11:58  Marine x2  
  109  11:59  Missile Turret  
  109  12:00  Supply Depot  
  111  12:01  Marine x2  
  111  12:02  Marine  
  111  12:07  SCV x2, Marine  
  117  12:09  SCV, Marine  
  117  12:13  Marine  
  119  12:18  Marine x2  
  119  12:20  Marine  
  119  12:21  Marine  
  119  12:22  Marine  
  119  12:25  Marine x2  
  119  12:29  Marine  
  117  12:32  Marine  
  117  12:36  Marine  
  117  12:39  Marine x2  
  117  12:43  Marine x3  
  122  12:51  Marine  
  123  12:52  Marine x2  
  123  12:54  Marine  
  123  12:57  Marine x2  
  128  13:06  Supply Depot  
  128  13:09  Marine x2  
  125  13:15  Marine x3  
  125  13:17  Marine x3  
  125  13:18  Marine  
  123  13:27  Marine x2  
  123  13:32  Marine  
  123  13:33  Marine x2  
  110  13:35  Marine x3  
Show
View Real Time Build Order
Export as new Build Order

Stephano Zerg - Winner!

Build Orders: Hatch First 

Get SALT Encoding   

  12  0:00  Drone  
  13  0:12  Overlord  
  13  0:16  Drone  
  14  0:30  Drone x2  
  16  0:47  Hatchery  
  15  0:51  Drone  
  15  0:54  Drone  
  18  0:57  Drone  
  18  1:08  Extractor  
  17  1:12  Spawning Pool  
  17  1:16  Drone  
  17  1:18  Drone  
  18  1:28  Drone  
  19  1:38  Drone  
  20  1:49  Drone  
  21  1:59  Queen x2  
  21  2:00  Zergling x4  
  27  2:10  Drone  
  27  2:11  Overlord  
  28  2:22  Spore Crawler  
  27  2:27  Overlord  
  28  2:31  Drone x2  
  30  2:38  Drone  
  30  2:39  Metabolic Boost, Queen  
  30  2:40  Queen  
  35  2:44  Drone  
  35  2:49  Drone  
  37  3:05  Drone x3  
  40  3:07  Extractor  
  40  3:08  Drone  
  40  3:13  Drone x4  
  44  3:20  Hatchery  
  43  3:27  Overlord  
  43  3:34  Extractor x2  
  42  3:35  Drone x2, Lair  
  43  3:41  Drone, Evolution Chamber  
  43  3:42  Evolution Chamber  
  43  3:46  Drone x3  
  45  3:52  Drone  
  45  3:55  Drone x4  
  50  3:57  Drone  
  50  3:59  Overlord  
  51  4:07  Roach Warren  
  50  4:17  Drone  
  50  4:20  Drone  
  50  4:21  Drone x2  
  50  4:23  Zerg Missile Weapons Level 1, Zerg Ground Armor Level 1  
  54  4:26  Drone  
  54  4:27  Drone  
  56  4:32  Drone x3  
  56  4:33  Drone  
  60  4:38  Zergling x4  
  62  4:50  Queen  
  64  4:53  Overlord x2  
  64  4:54  Glial Reconstitution  
  64  5:06  Queen  
  65  5:07  Overseer  
  65  5:10  Drone  
  65  5:18  Drone  
  65  5:19  Drone x2, Overlord  
  68  5:23  Spore Crawler  
  68  5:29  Overlord  
  68  5:33  Roach x6  
  80  5:38  Overlord  
  80  5:39  Overlord x3  
  80  5:43  Roach  
  80  5:44  Roach x2  
  86  5:54  Roach  
  86  5:55  Roach x5  
  93  5:59  Queen  
  92  6:05  Nydus Network  
  92  6:06  Queen  
  92  6:09  Roach x4  
  100  6:20  Roach x5  
  110  6:27  Roach x4  
  118  6:36  Roach x3  
  124  6:43  Nydus Canal  
  123  6:58  Nydus Canal  
  123  6:59  Queen, Roach x2  
  123  7:00  Queen  
  129  7:07  Zergling x18  
  130  7:12  Overlord  
  112  7:23  Roach x7  
  112  7:24  Roach  
  112  7:26  Overlord  
  118  7:30  Queen, Roach  
  118  7:35  Queen  
  109  7:41  Roach  
  109  7:42  Roach x2  
  101  7:46  Roach x2  
  101  7:58  Roach x5  
  109  8:01  Queen  
  109  8:02  Roach  
  103  8:06  Overseer  
  103  8:10  Roach  
  93  8:13  Drone  
  93  8:14  Drone x5  
  93  8:19  Nydus Canal  
  99  8:23  Drone x3  
  102  8:29  Hatchery  
  101  8:38  Drone x2  
  101  8:39  Extractor  
  101  8:40  Extractor, Overlord  
  101  8:47  Drone x7  
  101  8:48  Zerg Ground Armor Level 2  
  103  8:51  Extractor  
  102  9:00  Nydus Canal  
  102  9:06  Overseer  
  102  9:08  Roach  
  102  9:09  Roach  
  106  9:12  Overlord  
  106  9:15  Overlord  
  106  9:23  Roach  
  100  9:25  Queen  
  100  9:30  Hydralisk Den  
  99  9:36  Queen  
  101  9:39  Zerg Missile Weapons Level 2  
  101  9:41  Drone x15  
  116  9:55  Overlord  
  116  10:01  Nydus Canal  
  116  10:04  Extractor  
  116  10:05  Extractor  
  114  10:11  Roach x5  
  114  10:12  Roach x6  
  135  10:16  Drone  
  135  10:17  Drone x2  
  131  10:33  Overlord  
  126  10:39  Drone x3, Overlord x2  
  126  10:40  Overlord  
  126  10:41  Muscular Augments  
  126  10:42  Roach x6  
  128  10:52  Hydralisk x4  
  131  11:02  Ravager x3  
  131  11:04  Ravager x3  
  133  11:11  Roach x2  
  133  11:17  Roach x4  
  115  11:26  Drone  
  115  11:27  Drone x3  
  119  11:44  Hydralisk x3  
  119  11:45  Hydralisk  
  127  11:55  Hatchery, Tunneling Claws  
  127  11:56  Burrow  
  126  12:03  Hydralisk x4  
  134  12:10  Hydralisk x2  
  130  12:27  Hydralisk x6  
  142  12:31  Ravager  
  143  12:38  Zergling x12  
  148  12:44  Overseer  
  148  12:49  Ravager x3  
  148  12:50  Ravager  
  151  12:51  Zergling x10  
  151  13:07  Hydralisk x3  
  151  13:08  Hydralisk x2  
  151  13:10  Roach x2  
  154  13:21  Hydralisk  
  154  13:22  Hydralisk x3  
  162  13:27  Hydralisk  

Tags
 
Add a new tag
Caveats
  • Supply blocks, unpowered buildings, or Contaminate may cause inaccurate times.
  • Supply counts are checked every 10 seconds.